 Dungeon Crawl Stone Soup version 0.27.1-4-g1640c2035a (webtiles) character file.

Game seed: 11591885279678601449

14 zeram the Sneak (level 2, -2/15 HPs)
             Began as a Deep Elf Enchanter on Nov 18, 2021.
             Slain by a hobgoblin (4 damage)
             ... on level 1 of the Dungeon.
             The game lasted 00:02:31 (1087 turns).

zeram the Sneak (Deep Elf Enchanter)                Turns: 1087, Time: 00:02:31

Health: -2/15      AC:  2    Str:  5    XL:     2   Next: 31%
Magic:  1/8        EV: 12    Int: 19    God:
Gold:   35         SH:  0    Dex: 15    Spells: 4/7 levels left

rFire    . . .     SeeInvis .   c - +0 dagger (vamp)
rCold    . . .     Faith    .   (no shield)
rNeg     . . .     Spirit   .   b - +0 robe
rPois    .         Reflect  .   (no helmet)
rElec    .         Harm     .   (no cloak)
rCorr    .         Rampage  .   (no gloves)
Will     .....                  (no boots)
Stlth    +++.......             (no amulet)
HPRegen  0.05/turn              (no ring)
MPRegen  0.11/turn              (no ring)

@: no status effects
A: no striking features
a: no special abilities


You were on level 1 of the Dungeon.
You visited 1 branch of the dungeon, and saw 1 of its levels.

You collected 35 gold pieces.

Inventory:

Hand Weapons
 a - a +1 dagger
 c - a +0 vampiric dagger (weapon)
Armour
 b - a +0 robe (worn)


   Skills:
 + Level 1.0 Short Blades
 + Level 2.6 Dodging
 + Level 4.2 Stealth
 + Level 3.3 Spellcasting
 - Level 4.0 Hexes


You had 4 spell levels left.
You knew the following spells:

 Your Spells              Type           Power      Damage    Failure   Level
a - Corona                Hex            20%        N/A       2%          1
b - Ensorcelled Hibernat  Hex/Ice        20%        N/A       10%         2

Your spell library contained the following spells:

 Spells                   Type           Power      Damage    Failure   Level
 Confusing Touch          Hex            18%        N/A       9%          3
 Tukima's Dance           Hex            18%        N/A       9%          3
 Dazzling Flash           Conj/Hex       20%        N/A       19%         3


Dungeon Overview and Level Annotations

Branches:
Dungeon (1/15)

Altars:


Message History

The ball python bites you. The ball python constricts you.
You closely miss the ball python.
The ball python is heavily wounded.
The ball python bites you. The ball python constricts you.
The ball python closely misses you. The ball python constricts you.
You hit the ball python but do no damage.
The ball python is heavily wounded.
The ball python bites you.
* * * LOW HITPOINT WARNING * * *
The ball python constricts you.
* * * LOW HITPOINT WARNING * * *
Casting: Ensorcelled Hibernation (safe; 10% risk of failure)
Confirm with . or Enter, or press ? or * to list all spells.
Aiming: Ensorcelled Hibernation (safe; 10% risk of failure)
Press: ? - help, Shift-Dir - straight line, f/p - ball python
Aim: a ball python (moderately wounded, constricting you, chance to affect: 59%)
The ball python looks drowsy...
The ball python loses its grip on you.
The helpless ball python fails to defend itself.
You impale the ball python!!
You kill the ball python!
You aren't carrying any potions.
Casting: Ensorcelled Hibernation (safe; 10% risk of failure)
Confirm with . or Enter, or press ? or * to list all spells.
Aiming: Ensorcelled Hibernation (safe; 10% risk of failure)
Press: ? - help, Shift-Dir - straight line, f - frilled lizard
Aim: a frilled lizard (chance to affect: 59%)
The frilled lizard resists with significant effort.
The frilled lizard misses you.
Casting: Ensorcelled Hibernation (safe; 10% risk of failure)
Confirm with . or Enter, or press ? or * to list all spells.
You don't have enough magic to cast this spell.
You aren't carrying any potions.
You aren't carrying any scrolls.
An endoplasm and a hobgoblin come into view.
Found a mace.
A dart slug comes into view.
The frilled lizard bites you.
* * * LOW HITPOINT WARNING * * *
The hobgoblin hits you.
You die...

#####.# #.l....#$#.#
# ##.## ######.#(..#
###.## #...$.# ...##
#B#$..# .### #J#"#.#
# .##### #g#####.#
.....# #.l.....#
.###.# ##.g..### .#
#.# #@...# .###.#
#.#.##
..##.##########....#
.......†...........#
.........####...J..w
.###.###.# #.#####.#
.###.###.####.# .#
......##......# #
.###..#######.#


You could see a dart slug (asleep), 2 endoplasms, a giant cockroach, 2
hobgoblins and a frilled lizard.

Vanquished Creatures
  2 endoplasms (D:1)
  A giant cockroach (D:1)
  A goblin (D:1)
  A hobgoblin (D:1)
  3 ball pythons (D:1)
  A bat (D:1)
  3 kobolds (D:1)
  2 rats (D:1)
14 creatures vanquished.

Notes
Turn   | Place    | Note
-------+----------+-------------------------------------------
     0 | D:1      | zeram the Deep Elf Enchanter began the quest for the Orb.
     0 | D:1      | Reached XP level 1. HP: 10/10 MP: 6/6
   605 | D:1      | Reached XP level 2. HP: 7/15 MP: 8/8
   626 | D:1      | Learned a level 2 spell: Ensorcelled Hibernation
  1087 | D:1      | Slain by a hobgoblin

Illustrated notes

Levels and vault maps discovered:
D:1:      dpeg_arrival_simpleton_c, layout_loops_ring, serial_bayou_pond_a,
          minmay_split_cup_large

Skill      XL: |  1 |
---------------+----+-----
Stealth        | 4 |  4.2
Short Blades   | |  1.0
Dodging        | |  2.6
Spellcasting   | |  3.3
Hexes          | |  4.0

Action                   || total
-------------------------++-------
Melee: Dagger            ||    78
 Cast: Corona            ||     6
       Ensorcelled Hiber ||     4
 Stab: Sleeping          ||     5
Armor: Robe              ||    13
Dodge: Dodged            ||    56
